 Dungeon Crawl Stone Soup version 0.31-a0-180-g519b7de00c (webtiles) character file.

Game seed: 10914860575520261425

475 qw the Shield-Bearer (level 7, -3/41 HPs)
             Began as a Gargoyle Fighter on June 19, 2023.
             Was an Initiate of Okawaru.
             Slain by a gnoll
             ... wielding a +0 flail
             ... led by a gnoll bouda
              (9 damage)
             ... on level 5 of the Dungeon.
             The game lasted 00:01:43 (3332 turns).

qw the Shield-Bearer (Gargoyle Fighter)             Turns: 3332, Time: 00:01:43

Health: -3/41      AC: 13    Str: 23    XL:     7   Next: 10%
Magic:  7/7        EV:  8    Int:  9    God:    Okawaru [......]
Gold:   126        SH: 13    Dex:  9    Spells: 6/6 levels left

rFire   + + .        Y - +0 war axe
rCold   . . .        l - +0 tower shield of Yppoudd {rF++ Str+2}
rNeg    + . .        p - +3 ring mail {rPois}
rPois   inf          (no helmet)
rElec   +            (no cloak)
rCorr   .            (no gloves)
SInv    .            (no boots)
Will    .....        k - amulet of faith Stlth
                     (no ring)
HPRegen 0.26/turn    (no ring)
MPRegen 0.10/turn

%: faith
@: about to teleport
A: sickness immunity, AC +4, negative energy resistance 1, electricity
resistance, torment resistance 1, petrification resistance
a: Renounce Religion


You were on level 5 of the Dungeon.
You worshipped Okawaru.
Okawaru was noncommittal.
You visited 2 branches of the dungeon, and saw 6 of its levels.

You collected 168 gold pieces.
You spent 42 gold pieces at shops.


Innate Abilities, Weirdness & Mutations

You are immune to sickness and miasma.
Your stone body is resilient. (AC +4)
You are immune to poison.
You resist negative energy. (rN+)
You are resistant to electric shocks. (rElec)
You are resistant to unholy torment.
You are immune to petrification.


   Skills:
 - Level 3.2 Fighting
 - Level 4.0 Axes
 - Level 3.2 Armour
 + Level 7.3 Shields


You had 6 spell levels left.
You didn't know any spells.
Your spell library was empty.

Inventory:

Hand Weapons
 o - a +1 flail of venom
 Y - a +0 war axe (weapon)
Armour
 l - the +0 tower shield of Yppoudd (worn) {rF++ Str+2}
   (You found it on level 4 of the Dungeon)

   Str:       It affects your strength (+2).
   rF:        It greatly protects you from fire.
 p - a +3 ring mail of poison resistance (worn)
Jewellery
 k - an amulet of faith (around neck)
 n - a ring of fire
Scrolls
 a - 2 scrolls of identify
Potions
 c - 7 potions of curing
 d - 2 potions of might
 e - a potion of enlightenment
 g - a potion of cancellation {unknown}
 h - 2 potions of mutation {unknown}
 j - a potion of magic {unknown}
 m - a potion of lignification {unknown}

Dungeon Overview and Level Annotations

Branches:
Dungeon (5/15)             Temple (1/1) D:4

Altars:
Ashenzari
Cheibriados
Dithmenos
Kikubaaqudgha
Makhleb
Nemelex Xobeh
Okawaru
Ru
Sif Muna
Trog
Zin

Shops:
D:2 (   D:3 *

Annotations:
D:4 1 runed translucent door, Crazy Yiuf


Message History

You hit the gnoll. You hit the fungus.
A nearby fungus withers and dies.
You block the gnoll's attack. x2
The gnoll hits you but does no damage.
You barely miss the gnoll.
The gnoll is lightly wounded.
You barely miss the gnoll. You hit the fungus.
You block the gnoll's attack. x2; The gnoll hits you but does no damage.
The gnoll hits you with a +0 whip.
The gnoll hits you from afar with a +0 halberd.
The gnoll closely misses you. You block the gnoll's attack.
You closely miss the gnoll.
The gnoll is lightly wounded.
You barely miss the gnoll. You hit the fungus.
You hit the gnoll but do no damage.
Your attacks no longer feel as feeble.
A nearby fungus withers and dies.
The gnoll hits you but does no damage. The gnoll hits you with a +0 whip.
The gnoll closely misses you.
You block the gnoll's attack. x2; The gnoll hits you but does no damage.
You closely miss the gnoll.
The gnoll is lightly wounded.
You slash the gnoll! x2
The gnoll hits you with a +0 whip. The gnoll hits you but does no damage.
You block the gnoll's attack. The gnoll hits you with a +0 flail. x2
The gnoll barely misses you.
The gnoll hits you from afar with a +0 spear.
The gnoll barely misses you. x2
3331 ||| READING scroll of teleportation.
As you read the scroll of teleportation, it crumbles to dust.
You feel strangely unstable. The gnoll closely misses you.
The gnoll hits you but does no damage. You block the gnoll's attack.
The gnoll closely misses you. The gnoll barely misses you.
You barely miss the gnoll.
The gnoll is heavily wounded.
You hit the gnoll. x2
The gnoll is no longer moving quickly. x3; The gnoll closely misses you.
You block the gnoll's attack.
The gnoll hits you from afar with a +0 halberd.
You block the gnoll's attack. The gnoll hits you with a +0 flail!
You die...

###.......#
#..P..7.7P..
#.#.....# #..P..7...
######..####..P..7.7P
.?#..........77
##......)..PP77
+....._..~~..bP
#........~~.P77
+........##....
#....g@g.# ...
#.###..g## ## #.#
#g.g<. #. #....$# ##
......# ##.....#
#.P.... #.P.....


You could see 5 gnolls.

Vanquished Creatures
  Menkaure (D:4)
  Edmund (D:4)
  A gnoll bouda (D:5)
  An iguana (D:4)
  Jessica (D:2)
  An orc wizard (D:3)
  5 adders (D:2)
  An ufetubus (D:4)
  A worm (D:2)
  2 dart slugs (D:3)
  4 orcs (D:3)
  A ball python (D:2)
  7 endoplasms
  3 giant cockroaches
  13 goblins
  12 hobgoblins
  4 jackals (D:4)
  6 kobolds
  A quokka (D:2)
  A bat (D:2)
  3 frilled lizards (D:2)
  5 rats
75 creatures vanquished.

Notes
Turn   | Place    | Note
-------+----------+-------------------------------------------
     0 | D:1      | qw the Gargoyle Fighter began the quest for the Orb.
     0 | D:1      | Reached XP level 1. HP: 14/14 MP: 1/1
     0 | D:1      | 0 ||| qw: Version: 0.3-a-7-ge0c9b40
     0 | D:1      | 0 ||| qw: Game counter: 889
     0 | D:1      | 0 ||| qw: Always use a shield: true
     0 | D:1      | 0 ||| qw: God list: Okawaru
     0 | D:1      | 0 ||| qw: Allow faded altars: false
     0 | D:1      | 0 ||| qw: Do Orc after D:15 true
     0 | D:1      | 0 ||| qw: Do second Lair branch before Depths: true
     0 | D:1      | 0 ||| qw: Lair rune preference: random
     0 | D:1      | 0 ||| qw: Plans: Normal, Zot:1-4, Slime:5, God:TSO, Crypt,
                  | Tomb, Abyss, Pan, Hells, Win
     0 | D:1      | 0 ||| PLANNING D:1-11
   206 | D:1      | 206 ||| Stepping ~*~*~tactically~*~*~ (stealth).
   214 | D:1      | Reached XP level 2. HP: 19/19 MP: 2/2
   214 | D:1      | 214 ||| Stepping ~*~*~tactically~*~*~ (stealth).
   254 | D:1      | 254 ||| Stepping ~*~*~tactically~*~*~ (stealth).
   264 | D:1      | 264 ||| FLEEEEING.
   265 | D:1      | 265 ||| Stepping ~*~*~tactically~*~*~ (stealth).
   302 | D:1      | 302 ||| DROPPING +0 club.
   534 | D:1      | 534 ||| UPGRADING to +0 kite shield.
   544 | D:1      | 544 ||| DROPPING +0 buckler.
   545 | D:1      | 545 ||| READING scroll labelled BEIXZUF RIEDACS.
   546 | D:1      | 546 ||| READING scroll labelled BURAAB YSAEXT.
   587 | D:2      | Reached skill level 3 in Axes
   587 | D:2      | Reached XP level 3. HP: 23/23 MP: 3/3
  1021 | D:2      | Reached skill level 4 in Shields
  1107 | D:2      | Found Hegizxoe's Weapon Boutique.
  1117 | D:2      | 1117 ||| Stepping ~*~*~tactically~*~*~ (stealth).
  1134 | D:2      | 1134 ||| Stepping ~*~*~tactically~*~*~ (stealth).
  1136 | D:2      | 1136 ||| Stepping ~*~*~tactically~*~*~ (stealth).
  1141 | D:2      | Reached XP level 4. HP: 28/28 MP: 4/4
  1144 | D:2      | 1144 ||| Stepping ~*~*~tactically~*~*~ (stealth).
  1145 | D:2      | 1145 ||| Stepping ~*~*~tactically~*~*~ (stealth).
  1418 | D:2      | Noticed Jessica
  1427 | D:2      | Killed Jessica
  1433 | D:2      | 1433 ||| READING scroll labelled YKULEF QUUS.
  1434 | D:2      | 1434 ||| DRINKING 2 fizzy brown potions.
  1435 | D:2      | 1435 ||| READING 2 scrolls of identify.
  1435 | D:2      | 1435 ||| IDENTIFYING bubbling brown potion
  1436 | D:2      | 1436 ||| DROPPING potion of degeneration.
  1471 | D:3      | Found Zahobep's General Store.
  1486 | D:3      | 1486 ||| STAIRDANCE
  1540 | D:3      | 1540 ||| SHOPLISTING +2 helmet of the Dungeon {rPois rF+
                  | Str-3 Dex+8} (604 gold, have 82).
  1540 | D:3      | 1540 ||| SHOPLISTING ring of positive energy (280 gold,
                  | have 82).
  1540 | D:3      | 1540 ||| BUYING scroll of teleportation (42 gold).
  1540 | D:3      | Bought a scroll of teleportation for 42 gold pieces
  1548 | D:3      | 1548 ||| Stepping ~*~*~tactically~*~*~ (stealth).
  1557 | D:3      | Reached XP level 5. HP: 27/32 MP: 5/5
  1597 | D:3      | 1597 ||| FLEEEEING.
  1598 | D:3      | 1598 ||| FLEEEEING.
  1599 | D:3      | 1599 ||| FLEEEEING.
  1600 | D:3      | 1600 ||| STAIRDANCE
  1662 | D:2      | 1662 ||| READING scroll labelled SAINUI GEOSECI.
  1691 | D:3      | 1691 ||| Stepping ~*~*~tactically~*~*~ (hiding).
  1883 | D:3      | Found a bloodstained altar of Trog.
  1883 | D:3      | Found a sacrificial altar of Ru.
  2065 | D:3      | Found a faded altar of an unknown god.
  2192 | D:3      | 2192 ||| UPGRADING to amulet of faith.
  2197 | D:3      | 2197 ||| READING scroll labelled MOFOKH HAZO.
  2237 | D:4      | Noticed Menkaure
  2238 | D:4      | 2238 ||| Stepping ~*~*~tactically~*~*~ (hiding).
  2241 | D:4      | 2241 ||| Stepping ~*~*~tactically~*~*~ (hiding).
  2243 | D:4      | 2243 ||| Stepping ~*~*~tactically~*~*~ (hiding).
  2245 | D:4      | 2245 ||| Stepping ~*~*~tactically~*~*~ (hiding).
  2250 | D:4      | Killed Menkaure
  2251 | D:4      | Reached skill level 6 in Shields
  2251 | D:4      | Reached XP level 6. HP: 19/37 MP: 6/6
  2322 | D:4      | Identified the +0 tower shield of Yppoudd {rF++ Str+2}
  2405 | D:4      | Found a staircase to the Ecumenical Temple.
  2406 | D:4      | 2406 ||| PLANNING TEMPLE
  2406 | D:4      | 2406 ||| UPGRADING to +0 tower shield of Yppoudd {rF++
                  | Str+2}.
  2416 | D:4      | 2416 ||| DROPPING +0 kite shield.
  2417 | D:4      | 2417 ||| DRINKING 2 glowing white potions.
  2418 | D:4      | 2418 ||| DROPPING potion of brilliance.
  2427 | Temple   | Entered the Ecumenical Temple
  2448 | Temple   | 2448 ||| PLANNING OKAWARU WORSHIP
  2519 | Temple   | Became a worshipper of Warmaster Okawaru
  2520 | Temple   | 2520 ||| PLANNING D:1-11
  2652 | D:4      | Found a sparkling altar of Nemelex Xobeh.
  2780 | D:4      | Noticed Edmund
  2781 | D:4      | 2781 ||| Stepping ~*~*~tactically~*~*~ (stealth).
  2782 | D:4      | 2782 ||| Stepping ~*~*~tactically~*~*~ (stealth).
  2796 | D:4      | HP: 7/37 [Edmund/+1 flail of venom (7)]
  2797 | D:4      | 2797 ||| READING 2 scrolls of teleportation.
  2800 | D:4      | Killed Edmund
  2929 | D:4      | 2929 ||| DROPPING +0 mace.
  2960 | D:4      | Reached skill level 7 in Shields
  2960 | D:4      | Reached XP level 7. HP: 33/41 MP: 7/7
  2998 | D:4      | Reached * piety under Okawaru
  3068 | D:4      | Found a runed translucent door.
  3069 | D:4      | Noticed Crazy Yiuf
  3218 | D:4      | 3218 ||| UPGRADING to +3 ring mail of poison resistance.
  3228 | D:4      | 3228 ||| DROPPING +0 scale mail.
  3274 | D:5      | Entered Level 5 of the Dungeon
  3299 | D:5      | Found an ancient bone altar of Kikubaaqudgha.
  3330 | D:5      | HP: 7/41 [gnoll/+0 spear[a gnoll bouda] (5)]
  3331 | D:5      | 3331 ||| READING scroll of teleportation.
  3332 | D:5      | Slain by a gnoll

Levels and vault maps discovered:
D:1:      dpeg_arrival_tiny_a, layout_rooms, minmay_misc_feat_more_columns,
          minmay_tripent
D:2:      layout_loops_corners, serial_shops, shop, uniq_jessica
D:3:      layout_basic, mainiacjoe_overflow_divided_tiny,
          hellmonk_ecumenical_altar_arch_garden, serial_shops, shop_fountains
D:4:      layout_basic, nemelex_xobeh_ov_fountains_minmay,
          minmay_temple_entry_overgrown, kennysheep_nub,
          uniq_crazy_yiuf_cottage, uniq_edmund, uniq_menkaure
D:5:      layout_basic, mainiacjoe_overflow_boulevard,
          nicolae_elyvilon_peaceful_grove
Temple:   nicolae_temple_great_sept

Skill      XL: |  1  2  3  4  5  6 |
---------------+-------------------+-----
Axes           | 2 3 4 |  4.0
Shields        | 4 6 7 |  7.3
Fighting       | |  3.2
Armour         | |  3.2

Action                     |  1- 3 |  4- 6 |  7- 9 || total
---------------------------+-------+-------+-------++-------
  Melee: War axe           |    91 |   124 |    13 ||   228
  Throw: Boomerang         |       |     3 |       ||     3
    Use: Scroll            |     2 |     5 |     1 ||     8
         Potion            |       |     2 |       ||     2
 Armour: Scale mail        |    34 |    69 |     4 ||   107
         Ring mail         |       |       |     7 ||     7
  Dodge: Dodged            |    26 |    36 |    12 ||    74
  Block: Buckler           |     6 |       |       ||     6
         Kite shield       |    19 |    22 |       ||    41
         Tower shield      |       |    22 |    24 ||    46

Table legend:
 A = Non-vault XP
 B = Vault XP
 C = Vault XP percentage of total XP
 D = Non-vault monster count
 E = Vault monster count
 F = Vault count percentage of total count
                 A         B        C        D         E       F
            +---------+---------+-------+---------+---------+-------
      Total |     310 |     369 |  54.3 |      70 |       5 |   6.7
            +---------+---------+-------+---------+---------+-------
        D:1 |      21 |       3 |  12.5 |      11 |       2 |  15.4
        D:2 |     114 |      37 |  24.5 |      30 |       1 |   3.2
        D:3 |      75 |       0 |   0.0 |      19 |       0 |   0.0
        D:4 |      60 |     329 |  84.6 |       9 |       2 |  18.2
        D:5 |      40 |       0 |   0.0 |       1 |       0 |   0.0
            +---------+---------+-------+---------+---------+-------
